 Dungeon Crawl Stone Soup version 0.29.1-2-gbd0b4ee654 (webtiles) character file.

Game seed: 11251072461085025161

32 hawla the Charlatan (level 3, -1/28 HPs)
             Began as a Meteoran Wanderer on Nov 19, 2022.
             Slain by a gnoll
             ... wielding a +0 spear
              (7 damage)
             ... on level 3 of the Dungeon.
             The game lasted 00:02:56 (651 turns).

hawla the Charlatan (Meteoran Wanderer)              Turns: 651, Time: 00:02:57

Health: -1/28      AC:  6    Str: 15    XL:     3   Next: 64%
Magic:  4/4        EV:  9    Int: 15    God:
Gold:   43         SH:  0    Dex: 12    Spells: 2/2 levels left

rFire   . . .      SeeInvis .   a - +0 club
rCold   . . .      Faith    .   (no shield)
rNeg    . . .      Spirit   .   c - +0 scale mail
rPois   .          Reflect  .   (no helmet)
rElec   .          Harm     .   (no cloak)
rCorr   .          Rampage  .   (no gloves)
Will    .....                   (no boots)
Stlth   ..........              (no amulet)
HPRegen 0.09/turn               (no ring)
MPRegen 0.09/turn               (no ring)

@: glowing
A: sense surroundings 1, otherworldly, glowing, explore regen
a: no special abilities


You were on level 3 of the Dungeon.
You visited 1 branch of the dungeon, and saw 3 of its levels.

You collected 43 gold pieces.

Inventory:

Hand Weapons
 a - a +0 club (weapon)
Armour
 c - a +0 scale mail (worn)
Scrolls
 d - a scroll of teleportation
Potions
 b - a potion of curing {unknown}


   Skills:
 + Level 1.1 Fighting
 + Level 1.8 Maces & Flails
 + Level 2.8 Armour
 + Level 1.6 Dodging
 - Level 1.0 Stealth
 + Level 6.5 Evocations


You had 2 spell levels left.
You didn't know any spells.
Your spell library contained the following spells:

 Spells                   Type           Power      Damage    Failure   Level
 Conjure Ball Lightning   Conj/Air       0%         3x3d6     100%        6
 Discord                  Hex            0%         N/A       100%        8
 Disjunction              Tloc           0%         N/A       100%        8


Dungeon Overview and Level Annotations

Branches:
Dungeon (3/15) Zot: 1124

Altars:


Innate Abilities, Weirdness & Mutations

You passively map a small area around you.
You are easily found by Zot.
You glow in the dark.
You regain HP and MP as you explore.


Message History

The gnoll shouts!
A goblin comes into view. It is wielding a +0 club.
Okay, then.
You see here 7 stones.
A gnoll comes into view. It is wielding a +0 spear.
Found 6 gold pieces.
Found a short sword.
Aiming: Fastroot
Press: ? - help, Shift-Dir - straight line, f - gnoll
Aim: a gnoll, wielding a +0 spear
Okay, then.
Aiming: Fastroot
Press: ? - help, Shift-Dir - straight line The roots erupt in riotous growth!
Roots grab the gnoll. x2
The now-empty wand crumbles to dust.
The grasping roots constrict the gnoll. x2
You hear a shout!
You hear an angry hiss.
You hear a shout!
The gnoll struggles to escape constriction.
The gnoll escapes!
Unknown command.
The grasping roots constrict the gnoll!
You kill the gnoll!
The gnoll shouts!
The gnoll barely misses you. The gnoll barely misses you. x2
You see here a +0 flail.
You hit the gnoll.
The gnoll is moderately wounded.
The gnoll hits you with a +0 spear.
The gnoll hits you from afar with a +0 spear.
The gnoll closely misses you. The gnoll hits you with a +0 spear.
You hit the gnoll but do no damage.
The gnoll is moderately wounded.
The gnoll hits you from afar with a +0 spear.
The gnoll hits you but does no damage. The gnoll hits you with a +0 spear.
* * * LOW HITPOINT WARNING * * *
You hit the gnoll but do no damage.
The gnoll is moderately wounded.
The gnoll hits you from afar with a +0 spear!
You die...

*## ,#.#..#.# . * * #..
....#.#.g#.##. , #.# *
#............ #.#
#.##.#g.#...# #.#
#.##.#..#.... * #.#
#.##.#..#.#.. #.#
#.##.#(.#.#.# *
#.######.##.#..#.#<# * *
#..@.g...........###
...).....g$g.......#####
#####...######.#####
###.# #.# #.# #.# #.#
#.# #.# #.# #.. ..# *


You could see 3 gnolls.

Vanquished Creatures
  A gnoll (D:3)
  A dart slug (D:1)
  A bat (D:1)
  An endoplasm (D:3)
  3 goblins
  A hobgoblin (D:1)
  3 jackals (D:1)
  A quokka (D:1)
  5 ball pythons
  A kobold (D:1)
  A rat (D:1)
19 creatures vanquished.

Notes
Turn   | Place    | Note
-------+----------+-------------------------------------------
     0 | D:1      | hawla the Meteoran Wanderer began the quest for the Orb.
     0 | D:1      | hawla set off with the following items: a +0 club, a potion
                  | of lignification, a +0 scale mail, a scroll of
                  | teleportation, a wand of roots (2).
     0 | D:1      | Reached XP level 1. HP: 16/16 MP: 2/2
    82 | D:1      | Reached XP level 2. HP: 23/23 MP: 3/3
   425 | D:1      | Reached XP level 3. HP: 18/28 MP: 4/4
   473 | D:1      | Reached skill level 1 in Maces & Flails
   481 | D:1      | Glimpsed the power of Zot.
   531 | D:1      | Glimpsed the power of Zot.
   651 | D:3      | Slain by a gnoll

Illustrated notes

Levels and vault maps discovered:
D:1:      minmay_arrival_split_and_join, layout_basic
D:2:      layout_loops_cross, basic_altar, uniq_sigmund, uniq_crazy_yiuf_cottage
D:3:      layout_basic, slow_altar_1, nicolae_wormholes, uniq_jessica

Skill      XL: |  1  2  3 |
---------------+----------+-----
Maces & Flails | 1 |  1.8
Fighting       | |  1.1
Armour         | |  2.8
Dodging        | |  1.6
Stealth        | |  1.0
Evocations     | |  6.5

Action                   || total
-------------------------++-------
Melee: Club              ||    87
       Punch             ||     1
Evoke: Wand              ||     2
  Use: Potion            ||     1
Armor: Scale mail        ||    65
       Skin              ||     5
Dodge: Dodged            ||    49
